Map: Blueshift LE

Players

MarineLorD

  • Race: Terran Terran
  • League: Master
  • Spawn Location: 1:00

Rail - Winner!

  • Race: Protoss Protoss
  • League: Master
  • Spawn Location: 7:00

Event: HomeStory Cup XVIII

VOD

Have the link to the VOD?

Description

Time

  • Played on: Nov. 22, 2018, 7:53 a.m.
  • Length: 11:20

All games in this series

Show
View Real Time Build Order
Export as new Build Order

MarineLorD Terran 

Build Orders: Cyclone Opening, Gas First Reaper Expand, Reaper Expand 

Get SALT Encoding   

  12  0:00  SCV  
  13  0:12  SCV  
  14  0:17  Supply Depot  
  14  0:24  SCV  
  15  0:29  Refinery  
  15  0:38  SCV  
  16  0:43  Barracks  
  16  0:50  SCV  
  17  1:02  SCV  
  18  1:14  SCV  
  19  1:30  Reaper, Orbital Command  
  20  1:41  Command Center  
  20  1:51  Factory  
  20  1:55  SCV  
  21  2:02  Refinery  
  21  2:07  Barracks Reactor  
  21  2:09  Supply Depot  
  21  2:12  SCV  
  22  2:24  SCV  
  23  2:35  Factory Tech Lab  
  23  2:36  SCV  
  24  2:43  Marine x2  
  26  2:48  SCV  
  26  2:54  Cyclone  
  26  2:57  Supply Depot  
  29  3:00  SCV  
  29  3:01  Marine  
  31  3:09  Marine  
  31  3:11  Mag-Field Accelerator  
  31  3:14  SCV  
  31  3:19  Marine  
  34  3:26  Marine, SCV  
  36  3:28  Orbital Command  
  36  3:31  Cyclone  
  38  3:37  Marine  
  39  3:44  Marine, SCV  
  41  3:52  Starport  
  41  3:54  Marine  
  41  3:55  SCV  
  43  4:02  Marine  
  44  4:05  SCV  
  44  4:06  Siege Tank  
  44  4:09  SCV  
  49  4:12  Marine  
  49  4:15  Supply Depot  
  50  4:17  SCV  
  50  4:21  Marine  
  50  4:23  SCV, Barracks  
  53  4:28  Supply Depot  
  53  4:30  Marine  
  54  4:37  Medivac  
  56  4:38  Engineering Bay, SCV  
  56  4:40  Refinery  
  56  4:43  SCV  
  58  4:48  Marine x2  
  58  4:50  Siege Tank  
  64  4:52  SCV  
  64  4:55  SCV  
  65  5:00  Supply Depot  
  65  5:05  SCV  
  66  5:07  Terran Infantry Weapons Level 1, Barracks  
  66  5:11  Barracks Tech Lab  
  66  5:13  SCV  
  67  5:16  Marine  
  67  5:17  Marine  
  69  5:21  Supply Depot  
  69  5:25  SCV  
  70  5:28  Siege Tank  
  70  5:29  Marine  
  70  5:34  SCV  
  69  5:37  Marine, SCV  
  52  5:46  SCV  
  52  5:49  SCV  
  43  5:50  Marine x2  
  43  5:57  Marine  
  38  5:58  SCV  
  38  6:01  SCV  
  37  6:08  Marine x2  
  37  6:10  SCV  
  39  6:13  SCV  
  39  6:14  Marine  
  41  6:22  Stimpack, SCV  
  42  6:26  SCV  
  42  6:27  Liberator  
  42  6:30  Marine x2  
  45  6:34  SCV  
  45  6:38  SCV  
  47  6:43  Cyclone  
  47  6:46  SCV  
  54  6:50  Marine, SCV  
  54  6:51  Marine  
  57  6:58  SCV  
  57  7:02  SCV  
  57  7:05  Bunker  
  57  7:08  Terran Infantry Armor Level 1  
  58  7:09  Marine x2, Barracks Tech Lab  
  58  7:11  Marine  
  58  7:12  SCV  
  58  7:14  SCV  
  58  7:15  Siege Tank  
  62  7:24  SCV  
  62  7:26  Marine, SCV  
  62  7:29  Marine  
  51  7:32  Marine  
  51  7:36  SCV  
  48  7:38  SCV  
  48  7:43  Combat Shield  
  49  7:49  SCV  
  49  7:50  Marine x2, Marauder  
  49  7:51  Marine  
  54  7:54  SCV  
  55  7:59  Siege Tank  
  55  8:02  SCV  
  59  8:06  SCV  
  59  8:11  Marine x2, Marauder  
  64  8:14  Marauder  
  66  8:20  Medivac  
  66  8:23  Concussive Shells  
  66  8:25  Supply Depot, SCV  
  69  8:27  SCV  
  69  8:31  Missile Turret  
  70  8:35  Siege Tank  
  70  8:36  Liberator  
  75  8:41  SCV x2  
  75  8:46  Marine x2  
  75  8:47  Marine x2  
  79  8:53  SCV  
  83  8:56  SCV  
  84  9:04  Marine  
  84  9:07  Marine x2, Siege Tank  
  84  9:08  Marine  
  91  9:10  SCV x2  
  94  9:31  Supply Depot  
  94  9:32  Marine x2, Marauder  
  94  9:38  Marine  
  96  9:49  Marine x2  
  96  9:51  Siege Tank  
  101  9:53  Marine  
  101  9:57  Marine  
  95  10:05  SCV x2  
  75  10:07  Marine x2  
  75  10:11  Marine  
  66  10:17  SCV  
  60  10:23  Siege Tank  
  60  10:27  Medivac  
  64  10:30  Marine  
  64  10:33  Marauder  
  65  10:38  SCV x2  
  65  10:41  Marauder  
  69  10:50  SCV  
  69  10:52  SCV  
  69  10:54  Marauder  
Show
View Real Time Build Order
Export as new Build Order

Rail Protoss - Winner!

Build Orders: 1 Gate Expand 

Get SALT Encoding   

  12  0:00  Probe  
  13  0:14  Pylon  
  13  0:17  Probe  
  14  0:27  Probe  
  14  0:33  Gateway  
  14  0:35  Probe  
  15  0:42  Assimilator  
  16  0:43  Probe  
  17  0:55  Probe  
  18  1:07  Probe  
  19  1:19  Probe  
  19  1:20  Cybernetics Core  
  20  1:31  Nexus  
  20  1:36  Assimilator  
  20  1:42  Pylon  
  20  1:46  Probe  
  21  1:47  Adept  
  21  1:57  Warp Gate  
  21  2:00  Probe  
  24  2:05  Adept  
  24  2:12  Probe  
  27  2:22  Robotics Facility  
  27  2:25  Probe  
  28  2:30  Stalker  
  30  2:39  Probe  
  31  2:46  Probe  
  31  2:51  Probe  
  33  2:55  Probe  
  33  3:00  Stalker  
  33  3:03  Probe x2  
  38  3:15  Probe  
  38  3:17  Twilight Council  
  39  3:23  Probe  
  38  3:27  Probe  
  38  3:29  Observer  
  38  3:30  Pylon  
  40  3:34  Charge  
  40  3:36  Probe  
  40  3:40  Warp Prism  
  41  3:42  Probe  
  41  3:47  Gateway  
  42  3:51  Shield Battery  
  44  4:00  Stalker  
  44  4:07  Probe  
  45  4:12  Gateway  
  45  4:13  Gateway  
  45  4:14  Probe  
  46  4:19  Gateway  
  46  4:21  Probe  
  46  4:22  Gateway  
  47  4:24  Sentry  
  47  4:31  Probe  
  50  4:32  Pylon  
  54  4:48  Pylon  
  54  4:51  Zealot  
  54  4:52  Zealot  
  58  4:55  Pylon  
  58  5:05  Blink  
  59  5:08  Pylon, Zealot  
  59  5:09  Zealot  
  59  5:12  Zealot  
  64  5:15  Zealot x2  
  64  5:20  Pylon  
  64  5:32  Zealot  
  64  5:33  Zealot x3  
  68  5:37  Zealot x2  
  68  5:41  Immortal  
  64  5:49  Probe  
  61  5:51  Probe  
  56  6:00  Nexus  
  50  6:12  Warp Prism  
  50  6:13  Zealot x4, Sentry  
  58  6:23  Zealot  
  62  6:30  Forge  
  62  6:32  Forge  
  62  6:39  Protoss Ground Weapons Level 1  
  60  6:40  Protoss Ground Armor Level 1  
  60  6:43  Probe x2  
  60  6:49  Zealot x4  
  68  6:55  Probe  
  67  7:02  Zealot x2  
  71  7:10  Zealot x2  
  71  7:13  Zealot  
  73  7:29  Zealot x3  
  63  7:30  Observer  
  63  7:32  Stalker  
  63  7:33  Stalker  
  63  7:35  Probe  
  58  7:38  Probe x2  
  58  7:41  Zealot  
  60  7:47  Probe  
  60  7:48  Robotics Bay  
  60  7:49  Zealot x2  
  60  7:50  Observer, Probe  
  67  7:52  Zealot  
  67  7:54  Probe  
  67  7:58  Zealot, Sentry  
  74  8:00  Protoss Ground Weapons Level 2  
  74  8:12  Assimilator  
  74  8:15  Stalker x4  
  74  8:16  Protoss Ground Armor Level 2  
  82  8:20  Pylon  
  82  8:24  Pylon, Assimilator  
  82  8:33  Assimilator  
  82  8:35  Assimilator  
  82  8:42  Zealot x2  
  86  8:48  Probe x2  
  86  8:53  Zealot x2  
  92  8:57  Pylon  
  92  9:02  Colossus  
  92  9:05  Zealot  
  92  9:07  Pylon  
  100  9:14  Stalker  
  100  9:15  Zealot x2  
  104  9:29  Stalker  
  104  9:30  Zealot x2  
  110  9:35  Extended Thermal Lance  
  110  9:36  Stalker x2  
  112  9:38  Stalker  
  114  9:51  Pylon, Stalker  
  116  9:53  Stalker  
  116  9:54  Zealot  
  110  10:02  Zealot x2  
  110  10:03  Zealot  
  85  10:10  Probe x2  
  70  10:20  Stalker  
  70  10:21  Stalker x2  
  68  10:28  Sentry, Stalker  
  68  10:30  Probe x2  
  68  10:34  Probe  
  75  10:41  Stalker  
  77  10:46  Zealot x2, Stalker  
  83  10:51  Zealot x2  
  87  11:00  Probe  
  89  11:06  Zealot  
  89  11:07  Zealot x2  
  89  11:10  Zealot  
  97  11:12  Zealot  
  97  11:15  Zealot  
Tags
 
Add a new tag
Caveats
  • Supply blocks, unpowered buildings, or Contaminate may cause inaccurate times.
  • Supply counts are checked every 10 seconds.